 Dungeon Crawl Stone Soup version 0.20-a0-772-g73021bd (webtiles) character file.

175 Laan the Cudgeler (level 5, -9/32 HPs)
             Began as a Gargoyle Fighter on Feb 27, 2017.
             Killed by divine providence
             ... invoked by an orc priest
              (13 damage)
             ... on level 4 of the Dungeon.
             The game lasted 00:03:14 (2039 turns).

Laan the Cudgeler (Gargoyle Fighter)                Turns: 2039, Time: 00:03:14

Health: -9/32      AC: 14    Str: 20    XL:     5   Next: 55%
Magic:  5/5        EV:  5    Int:  9    God:
Gold:   155        SH:  9    Dex:  9    Spells: 4/4 levels left

rFire    . . .     SeeInvis .   m - +3 mace (crush)
rCold    . . .     Gourm    .   u - +0 chain mail
rNeg     + . .     Faith    .   c - +0 shield
rPois    ∞         Spirit   .   e - +0 helmet
rElec    +         Reflect  .   (no cloak)
rCorr    .         Harm     .   (no gloves)
MR       .....                  (no boots)
Stlth    ..........             (no amulet)
Regen    0.1/turn               (no ring)
MPRegen  0.1/turn               (no ring)

@: no status effects
A: negative energy resistance 1, electricity resistance, unbreathing,
petrification resistance, rot immunity, AC +4
a: no special abilities


You were on level 4 of the Dungeon.
You were not hungry.

You visited 1 branch of the dungeon, and saw 4 of its levels.

You collected 155 gold pieces.

Inventory:

Hand Weapons
 a - a +0 flail
 m - a +3 mace of crushing (weapon)
Armour
 c - a +0 shield (worn)
 e - a +0 helmet (worn)
 u - a +0 chain mail (worn)
Scrolls
 g - a scroll of magic mapping {unknown}
 k - a scroll of remove curse
 p - 4 scrolls of enchant weapon
 t - a scroll of teleportation {unknown}
 v - a scroll of random uselessness {unknown}
Potions
 b - a potion of agility {unknown}
 d - 2 potions of might
 h - a potion of resistance {unknown}
 j - a potion of lignification {unknown}
 l - a potion of heal wounds {unknown}
 n - a potion of brilliance {unknown}
 q - a potion of curing {unknown}
 r - 3 potions of berserk rage {unknown}
Comestibles
 f - 2 bread rations
 i - 4 fruits
 o - 3 meat rations
 s - 2 chunks of flesh


   Skills:
 - Level 3.2 Fighting
 + Level 5.6 Maces & Flails
 - Level 3.2 Armour
 - Level 3.2 Shields


You had 4 spell levels left.
You didn't know any spells.

Dungeon Overview and Level Annotations

Branches:
Dungeon (4/15)
 Temple: D:4-7

Altars:
Dithmenos
Nemelex Xobeh
Wu Jian
Zin


Innate Abilities, Weirdness & Mutations

You are resistant to torment.
Your stone body is resilient. (AC +4)
You are immune to poison.
You resist negative energy. (rN+)
You are resistant to electric shocks. (rElec)
You can survive without breathing.
You are immune to petrification.
You are immune to rotting.


Message History

* * * LOW HITPOINT WARNING * * *
You block the orc priest's attack.
You are too injured to fight recklessly!
You are too injured to fight recklessly!
You are too injured to fight recklessly!
You hit the orc priest.
The orc priest is almost dead.
The orc priest hits you but does no damage.
Your shield and chain mail prevent you from hitting the orc priest.
The orc priest is almost dead.
You block the orc priest's attack.
You closely miss the orc priest.
The orc priest is almost dead.
The orc priest hits you with a trident.
* * * LOW HITPOINT WARNING * * *
You barely miss the orc priest.
The orc priest is almost dead.
The orc priest invokes the aid of Beogh against you.
Beogh smites you!
You die...

.## #.# #. #.#
#.. ## ##.# #...
#..##..# #....
#.....## #.....
#......###......
#..###<..@o......
#. ###.........
###.......
....... .......
....... .......
....... §......


You could see an orc priest.

Vanquished Creatures
  An orc wizard (D:3)
  A worker ant (D:3)
  A gnoll (D:1)
  4 adders
  3 worms
  4 dart slugs
  A leopard gecko (D:3)
  3 orcs (D:3)
  3 ball pythons (D:1)
  A bat (D:2)
  A giant cockroach (D:3)
  12 goblins
  8 hobgoblins
  2 jackals (D:1)
  6 kobolds
  2 frilled lizards (D:1)
  3 rats
56 creatures vanquished.

Notes
Turn   | Place    | Note
-------+----------+-------------------------------------------
     0 | D:1      | Laan the Gargoyle Fighter began the quest for the Orb.
     0 | D:1      | Reached XP level 1. HP: 14/14 MP: 1/1
   161 | D:1      | Reached XP level 2. HP: 19/19 MP: 2/2
   205 | D:1      | Reached skill level 3 in Maces & Flails
   399 | D:1      | Reached XP level 3. HP: 22/23 MP: 3/3
   690 | D:2      | Reached skill level 4 in Maces & Flails
   738 | D:2      | Reached XP level 4. HP: 27/28 MP: 4/4
  1127 | D:2      | Found a glowing silver altar of Zin.
  1721 | D:3      | Found a sparkling altar of Nemelex Xobeh.
  1722 | D:3      | Found an ornate altar of the Wu Jian Council.
  1788 | D:3      | Reached skill level 5 in Maces & Flails
  1806 | D:3      | Reached XP level 5. HP: 32/32 MP: 5/5
  1976 | D:4      | Found a shadowy altar of Dithmenos.
  2039 | D:4      | Killed from afar by an orc priest

Vault maps used:
D:1:      dpeg_arrival_radiant, minmay_shallow_snake_nest
D:2:      zin_scriptorium
D:3:      chequers_temple_overflow_statue_of_worship, first_bread,
          minmay_door_square, serial_bayou_pond_a, minmay_misc_feat_four_crosses
D:4:      trog_eyes_of_draining, minmay_temple_entry_large_hall, minivault_27,
          grunt_dithmenos_smoke

Skill      XL: |  1  2  3  4 |
---------------+-------------+-----
Maces & Flails | 3 4 5 |  5.6
Fighting       | |  3.2
Armour         | |  3.2
Shields        | |  3.2

Action                   |  1- 3 |  4- 6 || total
-------------------------+-------+-------++-------
Melee: Flail             |    33 |       ||    33
       Mace              |    50 |    88 ||   138
  Use: Scroll            |       |     5 ||     5
  Eat: Chunk             |       |     4 ||     4
Armor: Scale mail        |    58 |     4 ||    62
       Chain mail        |       |    43 ||    43
Dodge: Dodged            |    31 |    14 ||    45
Block: Shield            |    48 |    37 ||    85
